 Dungeon Crawl Stone Soup version 0.29-a0-393-g47a863cc1b (webtiles) character file.

Game seed: 9457953960890947436

7813 Demosthentine the Cleaver (level 11, -15/101 HPs)
             Began as a Hill Orc Fighter on May 9, 2022.
             Was a Priest of Beogh.
             Killed from afar by a gargoyle (19 damage)
             ... with a stone arrow
             ... on level 10 of the Dungeon.
             The game lasted 00:13:11 (11267 turns).

Demosthentine the Cleaver (Hill Orc Fighter)       Turns: 11267, Time: 00:13:11

Health: -15/101    AC: 12    Str: 27    XL:     11   Next: 21%
Magic:  13/13      EV: 11    Int:  8    God:    Beogh [***...]
Gold:   240        SH:  5    Dex:  7    Spells: 10/10 levels left

rFire   . . .      SeeInvis .   a - +1 war axe
rCold   . . .      Faith    .   c - +1 buckler
rNeg    . . .      Spirit   .   b - +0 scale mail
rPois   +          Reflect  .   u - +0 helmet
rElec   +          Harm     .   m - +0 cloak
rCorr   +          Rampage  .   f - +0 pair of gloves of the Many Riding Ears {rElec rPois Str+5 Dex-5}
Will    .....                   (no boots)
Stlth   ..........              p - amulet of regeneration
HPRegen 1.06/turn               g - ring of resist corrosion
MPRegen 0.13/turn               h - +4 ring of slaying

@: no status effects
A: no striking features
a: Renounce Religion, Smiting


You were on level 10 of the Dungeon.
You worshipped Beogh.
Beogh was most pleased with you.
You visited 1 branch of the dungeon, and saw 10 of its levels.

You collected 486 gold pieces.
You spent 246 gold pieces at shops.

Inventory:

Hand Weapons
 a - a +1 war axe (weapon)
Armour
 b - a +0 scale mail (worn)
 c - a +1 buckler (worn)
 f - the +0 pair of gloves of the Many Riding Ears (worn) {rElec rPois Str+5 Dex-5}
   (You found it on level 5 of the Dungeon)

   Str:       It affects your strength (+5).
   Dex:       It affects your dexterity (-5).
   rElec:     It insulates you from electricity.
   rPois:     It protects you from poison.
 m - a +0 cloak (worn)
 n - a +0 pair of gloves
 u - a +0 helmet (worn)
Jewellery
 g - a ring of resist corrosion (left hand)
 h - a +4 ring of slaying (right hand)
 p - an amulet of regeneration (around neck)
 q - an amulet of reflection
 r - a ring of positive energy
 A - an amulet of magic regeneration
 C - a ring of protection from fire
Wands
 o - a wand of flame (51)
 w - a wand of charming (14)
 y - a wand of polymorph (5)
Scrolls
 e - 12 scrolls of identify
 j - a scroll of enchant armour
 B - a scroll of magic mapping
 D - 3 scrolls of fog
 F - a scroll of enchant weapon
 G - 2 scrolls of teleportation
 H - a scroll of fear
Potions
 d - a potion of attraction
 i - 2 potions of resistance
 k - 5 potions of curing
 l - 2 potions of cancellation
 s - a potion of invisibility
 t - 3 potions of lignification
 v - a potion of heal wounds
 x - a potion of haste
 z - a potion of berserk rage


   Skills:
 + Level 10.4 Fighting
 + Level 11.0 Axes
 - Level 9.0 Armour
 + Level 6.7 Dodging
 - Level 6.2 Shields
 + Level 3.5 Invocations


You had 10 spell levels left.
You didn't know any spells.
Your spell library contained the following spells:

 Spells                   Type           Power      Damage    Failure   Level
 Corpse Rot               Necr/Air       0%         N/A       86%         2
 Poisonous Vapours        Pois/Air       0%         N/A       86%         2
 Call Canine Familiar     Summ           0%         N/A       97%         3
 Conjure Flame            Conj/Fire      0%         6-21      97%         3
 Ignite Poison            Fire/Tmut/Pois 0%         N/A       97%         3
 Portal Projectile        Hex/Tloc       0%         N/A       97%         3
 Leda's Liquefaction      Hex/Erth       0%         N/A       100%        4
 Sticky Flame             Conj/Fire      0%         2d3       100%        4
 Lee's Rapid Deconstruct  Erth           0%         3d5*      100%        5
 Statue Form              Tmut/Erth      0%         N/A       100%        6


Dungeon Overview and Level Annotations

Branches:
Dungeon (10/15)            Temple (0/1) D:4            Lair (0/6) D:10
    Orc: D:9-12

Altars:
Gozag

Shops:
D:9 ?


Message History

You hit the yak but do no damage.
The yak is severely wounded.
You hit the yak. The yak gores you! x2
* * * LOW HITPOINT WARNING * * *
The yak attacks as you move away! The yak barely misses you.
The yak attacks as you move away! The yak gores you but does no damage.
The yak gores you.
* * * LOW HITPOINT WARNING * * *
You hit the yak.
The yak is almost dead.
You slash the yak!
You kill the yak!
Beogh accepts your kill.
You slash the yak! The yak closely misses you.
The yak gores you but does no damage.
Your life force feels restored.
Your Axes skill increases to level 11!
You hit the yak.
The yak is almost dead.
You barely miss the yak. You block the yak's attack.
The gargoyle hurls a stone arrow at you.
The stone arrow hits you!
* * * LOW HITPOINT WARNING * * *
The yak gores you but does no damage.
You slash the yak!
You kill the yak!
Beogh accepts your kill.
You slash the yak! The yak misses you.
Unknown command.
You barely miss the gargoyle. You slash the yak! The yak gores you.
* * * LOW HITPOINT WARNING * * *
The gargoyle hits you with a +0 flail!
* * * LOW HITPOINT WARNING * * *
Unknown command.
You slice the gargoyle!!
The gargoyle is severely damaged.
You hit the yak but do no damage. The yak gores you but does no damage.
The gargoyle hurls a stone arrow at you.
The stone arrow hits you!!
You die...

#...... #.....#
################.....#
.....................#
##...................#
.#...................#
.#...................#
.#..............@9...####
##...........###†Y†......
.......... #.##†#......
............ #....# .....
.............#....# .....
.............#....#


YY... #'#######........##...... ........#.#.......#...# #
........#.#...........# # You could see a yak and a gargoyle.

Vanquished Creatures
  A death yak (D:10)
  Pikel (D:5)
  A deep elf pyromancer (D:8)
  A gargoyle (D:7)
  A komodo dragon (D:10)
  Grinder (D:4)
  A wyvern (D:7)
  10 yaks
  2 steam dragons
  Eustachio (D:4)
  Menkaure (D:4)
  2 acid dragons (D:8)
  Edmund (D:6)
  Duvessa (D:6)
  4 water moccasins
  3 black bears
  4 ogres (D:5)
  5 centaurs
  A phantom (D:5)
  A lemure (D:5)
  2 kobold brigands (D:8)
  3 scorpions
  A necrophage (D:5)
  A gnoll sergeant (D:7)
  6 wights
  Dowan (D:6)
  A howler monkey (D:6)
  4 hounds
  A jelly (D:8)
  4 orc priests
  A gnoll shaman (D:6)
  An iguana (D:5)
  Crazy Yiuf (D:4)
  7 orc wizards
  Natasha (D:3)
  7 gnolls
  4 adders
  An ufetubus (D:6)
  2 worms
  2 dart slugs
  32 orcs
  7 ball pythons
  11 endoplasms
  3 giant cockroaches
  11 hobgoblins
  7 jackals
  21 kobolds
  7 bats
  2 frilled lizards (D:1)
  9 goblins
  A rat (D:1)
205 creatures vanquished.

Vanquished Creatures (others)
  An orc priest (D:5)
  An orc (D:5)
  5 plants (D:5)
7 creatures vanquished.

Grand Total: 212 creatures vanquished

Notes
Turn   | Place    | Note
-------+----------+-------------------------------------------
     0 | D:1      | Demosthentine the Hill Orc Fighter began the quest for the
                  | Orb.
     0 | D:1      | Reached XP level 1. HP: 19/19 MP: 1/1
   377 | D:1      | Reached XP level 2. HP: 21/27 MP: 2/2
   465 | D:1      | Reached skill level 3 in Axes
   757 | D:1      | Found a faded altar of an unknown god.
   821 | D:1      | Reached XP level 3. HP: 32/33 MP: 3/3
  1642 | D:2      | Reached skill level 1 in Dodging
  1721 | D:2      | Reached XP level 4. HP: 30/40 MP: 4/4
  2117 | D:3      | Noticed Natasha
  2354 | D:3      | Killed Natasha
  2682 | D:3      | Reached XP level 5. HP: 47/47 MP: 5/5
  3266 | D:4      | Found a runed translucent door.
  3267 | D:4      | Noticed Crazy Yiuf
  3290 | D:4      | Found an opulent altar of Gozag.
  3377 | D:4      | Found a staircase to the Ecumenical Temple.
  3419 | D:4      | Noticed Eustachio
  3497 | D:4      | Killed Eustachio
  3498 | D:4      | Reached skill level 4 in Axes
  3498 | D:4      | Reached XP level 6. HP: 16/55 MP: 6/6
  3862 | D:4      | Noticed a black bear
  3869 | D:4      | Killed a black bear
  3870 | D:4      | Reached skill level 5 in Fighting
  3929 | D:4      | Noticed Menkaure
  3938 | D:4      | Killed Menkaure
  3939 | D:4      | Reached skill level 5 in Axes
  3939 | D:4      | Reached XP level 7. HP: 8/61 MP: 7/7
  4435 | D:4      | Noticed Grinder
  4452 | D:4      | Killed Grinder
  4453 | D:4      | Reached skill level 5 in Armour
  4453 | D:4      | Reached skill level 5 in Shields
  4668 | D:4      | Killed Crazy Yiuf
  4747 | D:5      | Entered Level 5 of the Dungeon
  4922 | D:5      | Noticed Pikel
  5230 | D:5      | Became a worshipper of Beogh the Brigand
  5384 | D:5      | Reached XP level 8. HP: 57/70 MP: 8/8
  5479 | D:5      | Reached skill level 6 in Axes
  5491 | D:5      | HP: 2/70 [ogre/+0 giant club (27)]
  5871 | D:5      | Killed Pikel
  6047 | D:5      | Reached skill level 7 in Axes
  6080 | D:5      | Reached XP level 9. HP: 55/79 MP: 9/9
  6466 | D:5      | Reached * piety under Beogh
  6584 | D:5      | Identified the +0 pair of gloves of the Many Riding Ears
                  | {rElec rPois Str+5 Dex-5}
  6775 | D:6      | Noticed Edmund
  6800 | D:6      | Killed Edmund
  6933 | D:6      | Noticed Dowan
  6934 | D:6      | Noticed Duvessa
  6941 | D:6      | Killed Duvessa
  6947 | D:6      | Killed Dowan
  7024 | D:6      | Reached skill level 8 in Axes
  7557 | D:7      | Reached ** piety under Beogh
  7661 | D:7      | Noticed a gargoyle
  7668 | D:7      | Killed a gargoyle
  7669 | D:7      | Reached skill level 5 in Dodging
  7885 | D:7      | Reached XP level 10. HP: 74/90 MP: 10/10
  8054 | D:7      | Reached skill level 9 in Axes
  8474 | D:8      | You fall into a shaft and drop 2 floors!
  8474 | D:10     | Entered Level 10 of the Dungeon
  8572 | D:10     | Noticed a death yak
  8596 | D:10     | Killed a death yak
  8884 | D:8      | Noticed a deep elf pyromancer
  8905 | D:8      | HP: 4/91 [fire elemental[a deep elf pyromancer] (8)]
  8911 | D:8      | Killed a deep elf pyromancer
  8912 | D:8      | Reached skill level 10 in Axes
  9144 | D:8      | Reached *** piety under Beogh
  9919 | D:9      | Reached skill level 10 in Fighting
  9919 | D:9      | Reached skill level 1 in Invocations
  9924 | D:9      | Reached XP level 11. HP: 82/99 MP: 10/12
 10087 | D:9      | Found Yklat's Magic Scroll Boutique.
 10102 | D:9      | Bought a scroll of enchant weapon for 90 gold pieces
 10102 | D:9      | Bought 3 scrolls of teleportation for 108 gold pieces
 10102 | D:9      | Bought a scroll of identify for 24 gold pieces
 10102 | D:9      | Bought a scroll of identify for 24 gold pieces
 10852 | D:10     | Noticed a death yak
 10852 | D:10     | Noticed a death yak
 10854 | D:10     | Found a staircase to the Lair.
 10854 | D:10     | Noticed a death yak
 10854 | D:10     | Noticed a death yak
 10855 | D:10     | Noticed a death yak
 10855 | D:10     | Noticed a death yak
 11264 | D:10     | Reached skill level 11 in Axes
 11266 | D:10     | HP: 3/101 [gargoyle/+0 flail (15)]
 11267 | D:10     | Killed from afar by a gargoyle

Illustrated notes

Levels and vault maps discovered:
D:1:      scummos_arrival_forest, layout_basic, basic_ecumenical_altar
D:2:      layout_basic
D:3:      layout_loops_ring, uniq_natasha
D:4:      layout_basic, grunt_gozag_statues, minmay_temple_entry_antechambers,
          uniq_grinder, uniq_menkaure, uniq_eustachio, uniq_crazy_yiuf_cottage
D:5:      corexii_shack_village, layout_rooms, hex_medium, uniq_pikel
D:6:      layout_loops_corners, uniq_duvessa, uniq_edmund
D:7:      layout_gridville
D:8:      layout_basic, enter_bailey_2
D:9:      layout_irregular_city, serial_shops, nicolae_shop_advertising_works
          [nicolae_subvault_shop_adworks]
D:10:     layout_irregular_city, dpeg_lair_monsters,
          chequers_serial_rivers_micro_e, hangedman_decor_slide_cut,
          corner_web_ring, chequers_jeans, evilmike_minifort

Skill      XL: |  1  2  3  4  5  6  7  8  9 10 11 |
---------------+----------------------------------+-----
Axes           | 3 4 5 7 8 10 11 | 11.0
Fighting       | 4 5 7 8 10 | 10.4
Dodging        | 1 2 3 5 6 |  6.7
Armour         | 4 5 6 7 9 |  9.0
Shields        | 4 5 6 |  6.2
Invocations    | 1 3 |  3.5

Action                   |  1- 3 |  4- 6 |  7- 9 | 10-12 || total
-------------------------+-------+-------+-------+-------++-------
Melee: War axe           |   105 |   135 |   295 |   255 ||   790
Invok: Convert to Beogh  |       |       |     1 |       ||     1
  Use: Scroll            |     1 |     8 |     7 |     9 ||    25
       Potion            |       |     4 |       |     3 ||     7
Armor: Scale mail        |    48 |    59 |   135 |   117 ||   359
Dodge: Dodged            |    41 |    61 |   155 |   126 ||   383
Block: Buckler           |    30 |    43 |    90 |    67 ||   230

Table legend: (Time is in decaauts)
 A = Elapsed time spent in this place.
 B = Non-inter-level travel time spent in this place.
 C = Inter-level travel time spent in this place.
 D = Time resting spent in this place.
 E = Time spent auto-exploring this place.
 F = Levels seen in this place.
 G = Mean time per level.
                   A        B        C        D        E       F      G
               +--------+--------+--------+--------+--------+-----+--------+
         Total |  11444 |  10609 |    835 |    943 |   7454 |  10 | 1144.4 |
       Dungeon |  11444 |  10609 |    835 |    943 |   7454 |  10 | 1144.4 |
               +--------+--------+--------+--------+--------+-----+--------+

Top non-repeatable levels by time:
     D:5: 1988 daAuts
     D:4: 1594 daAuts
     D:2: 1359 daAuts
     D:1: 1075 daAuts
     D:7: 1004 daAuts
     D:3: 963 daAuts
     D:6: 948 daAuts
    D:10: 861 daAuts
     D:8: 830 daAuts
     D:9: 820 daAuts
